 Dungeon Crawl Stone Soup version 0.31-a0-190-g4feb4907b2 (webtiles) character file.

Game seed: 1227889646318147767

78 qw the Shooter (level 4, 0/25 HPs)
             Began as a Deep Elf Hunter on June 23, 2023.
             Slain by an orc wizard
             ... wielding a +0 dagger
              (4 damage)
             ... on level 3 of the Dungeon.
             The game lasted 00:00:39 (1794 turns).

qw the Shooter (Deep Elf Hunter)                    Turns: 1794, Time: 00:00:39

Health: 0/25       AC:  6    Str: 10    XL:     4   Next: 15%
Magic:  6/6        EV: 11    Int: 14    God:
Gold:   41         SH:  0    Dex: 18    Spells: 3/3 levels left

rFire   . . .        Y - +0 shortbow
rCold   . . .        (shield currently unavailable)
rNeg    . . .        d - +0 ring mail
rPois   +            (no helmet)
rElec   .            (no cloak)
rCorr   .            (no gloves)
SInv    .            j - +0 pair of boots
Will    .....        (no amulet)
Stlth   +            c - ring of poison resistance
HPRegen 0.24/turn    (no ring)
MPRegen 0.10/turn

%: no passive effects
@: no status effects
A: no striking features
a: no special abilities


You were on level 3 of the Dungeon.
You visited 1 branch of the dungeon, and saw 3 of its levels.

You collected 113 gold pieces.
You spent 72 gold pieces at shops.


   Skills:
 - Level 1.5 Fighting
 + Level 7.6 Ranged Weapons
 - Level 2.4 Dodging
 - Level 1.2 Stealth


You had 3 spell levels left.
You didn't know any spells.
Your spell library was empty.

Inventory:

Hand Weapons
 Y - a +0 shortbow (weapon)
Armour
 d - a +0 ring mail (worn)
 j - a +0 pair of boots (worn)
Jewellery
 c - a ring of poison resistance (left hand)
Scrolls
 a - a scroll of identify
Potions
 b - a potion of attraction {unknown}
 e - 4 potions of curing
 f - 3 potions of cancellation
 g - a potion of heal wounds {unknown}
 h - a potion of lignification {unknown}
 i - a potion of haste {unknown}
 l - a potion of magic {unknown}

Dungeon Overview and Level Annotations

Branches:
Dungeon (3/15)

Altars:

Shops:
D:3 (!


Message History

You shoot an arrow. The arrow closely misses the orc.
You shoot an arrow. The arrow hits the orc.
The orc is heavily wounded.
An orc wizard comes into view. It is wielding a +0 dagger.
You shoot an arrow. The arrow closely misses the orc.
The orc barely misses you.
You shoot an arrow. The arrow hits the orc.
You kill the orc!
The kobold throws a stone.
The stone barely misses you.
You shoot an arrow. The arrow hits the orc wizard!
The orc wizard is heavily wounded.
The orc hits you but does no damage.
The orc wizard gestures at you while chanting.
The puff of flame hits you! The orc wizard closely misses you.
The orc barely misses you.
You shoot an arrow.
The arrow closely misses the orc wizard.
The orc hits you from afar with a +0 trident.
The orc hits you but does no damage. The orc wizard casts a spell at you.
The puff of flame misses you.
You shoot an arrow.
The arrow hits the orc wizard but does no damage.
The orc wizard is heavily wounded.
The orc wizard casts a spell at you. The magic dart hits you.
The orc hits you but does no damage. x2
You shoot an arrow. The arrow barely misses the orc wizard.
The orc barely misses you. The orc hits you with a +0 whip.
The orc wizard hits you with a +0 dagger.
You shoot an arrow. The arrow barely misses the orc wizard.
The orc wizard gestures wildly while chanting.
The orc wizard flickers and vanishes!
Deactivating autopickup; reactivate with Ctrl-A.
The orc hits you but does no damage. The orc barely misses you.
The orc wizard hits you with a +0 dagger.
You shoot an arrow. The arrow misses the orc wizard.
The orc hits you from afar with a +0 trident.
The orc barely misses you.
The orc wizard hits you with a +0 dagger.
You die...

.........................#.......
..###...####....[................
...####.# #......##.............
...####'####.....................
...##....................######..
...##....................# ..
...##........#...........#
...####+#....##..o.....#
........[....###@#.))....
.............# #o#.#.....
...).........# o{o.. ....
.............##...>.o ...
..........#####....#.. .K
......#.#######.......o o
......#.................
###...#..........[.<..
#...#.........


You could see an orc wizard and 3 orcs.

Vanquished Creatures
  3 adders
  A worm (D:2)
  2 dart slugs
  4 orcs (D:3)
  2 endoplasms
  5 hobgoblins
  3 quokkas
  5 ball pythons
  3 bats
  A frilled lizard (D:3)
  4 goblins (D:1)
  4 kobolds
  3 rats
40 creatures vanquished.

Notes
Turn   | Place    | Note
-------+----------+-------------------------------------------
     0 | D:1      | qw the Deep Elf Hunter began the quest for the Orb.
     0 | D:1      | Reached XP level 1. HP: 12/12 MP: 3/3
     0 | D:1      | 0 ||| qw: Version: 0.3-a-9-g12657ce
     0 | D:1      | 0 ||| qw: Game counter: 4514
     0 | D:1      | 0 ||| qw: Always use a shield: true
     0 | D:1      | 0 ||| qw: God list: Okawaru
     0 | D:1      | 0 ||| qw: Allow faded altars: false
     0 | D:1      | 0 ||| qw: Do Orc after D:15 true
     0 | D:1      | 0 ||| qw: Do second Lair branch before Depths: true
     0 | D:1      | 0 ||| qw: Lair rune preference: random
     0 | D:1      | 0 ||| qw: Plans: Normal
     0 | D:1      | 0 ||| PLANNING D:1-11
   135 | D:1      | Reached XP level 2. HP: 16/16 MP: 4/4
   168 | D:1      | Reached skill level 6 in Ranged Weapons
   176 | D:1      | Found a faded altar of an unknown god.
   883 | D:1      | 883 ||| UPGRADING to +0 ring mail.
   893 | D:1      | 893 ||| DROPPING +0 leather armour.
   894 | D:1      | 894 ||| UPGRADING to +0 pair of boots.
   899 | D:1      | 899 ||| READING 3 scrolls labelled SAUMAR VACI.
   900 | D:1      | 900 ||| READING 2 scrolls labelled CEPYLO ADOOS.
   901 | D:1      | 901 ||| READING scroll labelled PALOUTTI BETUE.
   902 | D:1      | 902 ||| READING scroll labelled PITIMECEFE.
   905 | D:1      | 905 ||| READING 2 scrolls of identify.
   905 | D:1      | 905 ||| IDENTIFYING orange potion
   906 | D:1      | 906 ||| DROPPING scroll of butterflies.
   907 | D:1      | 907 ||| DROPPING scroll of revelation.
  1028 | D:2      | Reached XP level 3. HP: 20/20 MP: 5/5
  1305 | D:2      | 1305 ||| UPGRADING to ring of poison resistance.
  1306 | D:2      | 1306 ||| DROPPING ring of magical power.
  1307 | D:2      | 1307 ||| READING scroll labelled FOUSUKHOLAJ.
  1408 | D:2      | 1408 ||| READING scroll labelled PIMAAQ KIOKLUGG.
  1449 | D:3      | Found Qiorphud's Distillery.
  1454 | D:3      | 1454 ||| BUYING 2 potions of curing (72 gold).
  1454 | D:3      | Bought 2 potions of curing for 72 gold pieces
  1454 | D:3      | 1454 ||| SHOPLISTING 2 potions of heal wounds (120 gold,
                  | have 18).
  1454 | D:3      | 1454 ||| SHOPLISTING potion of cancellation (96 gold, have
                  | 18).
  1454 | D:3      | 1454 ||| SHOPLISTING potion of curing (36 gold, have 18).
  1454 | D:3      | 1454 ||| SHOPLISTING potion of experience (600 gold, have
                  | 18).
  1454 | D:3      | 1454 ||| SHOPLISTING potion of haste (120 gold, have 18).
  1510 | D:3      | Reached skill level 7 in Ranged Weapons
  1546 | D:3      | Found Vomomn's Antique Weapon Shop.
  1554 | D:3      | 1554 ||| SHOPLISTING orcbow (94 gold, have 18).
  1554 | D:3      | 1554 ||| SHOPLISTING runed sling (121 gold, have 18).
  1670 | D:3      | Reached XP level 4. HP: 16/25 MP: 6/6
  1783 | D:3      | 1783 ||| Stepping ~*~*~tactically~*~*~ (outnumbered).
  1794 | D:3      | HP: 4/25 [orc/+0 trident (3)]
  1794 | D:3      | Slain by an orc wizard

Levels and vault maps discovered:
D:1:      minmay_arrival_four_loops, layout_basic,
          shapermc_ecumenical_altar_starsandcircs, kennysheep_another_room
D:2:      layout_rooms
D:3:      layout_basic, serial_shops, nicolae_shop_rolling_square,
          nicolae_square_shop, shop

Skill      XL: |  1  2  3 |
---------------+----------+-----
Ranged Weapons | 6 7 |  7.6
Fighting       | |  1.5
Dodging        | |  2.4
Stealth        | |  1.2

Action                     |  1- 3 |  4- 6 || total
---------------------------+-------+-------++-------
   Fire: Shortbow          |   103 |    17 ||   120
    Use: Scroll            |     7 |       ||     7
 Armour: Leather armour    |     1 |       ||     1
         Ring mail         |    26 |     5 ||    31
  Dodge: Dodged            |    38 |     8 ||    46

Table legend:
 A = Non-vault XP
 B = Vault XP
 C = Vault XP percentage of total XP
 D = Non-vault monster count
 E = Vault monster count
 F = Vault count percentage of total count
                 A         B        C        D         E       F
            +---------+---------+-------+---------+---------+-------
      Total |     112 |       0 |   0.0 |      40 |       0 |   0.0
            +---------+---------+-------+---------+---------+-------
        D:1 |      34 |       0 |   0.0 |      20 |       0 |   0.0
        D:2 |      25 |       0 |   0.0 |       6 |       0 |   0.0
        D:3 |      53 |       0 |   0.0 |      14 |       0 |   0.0
            +---------+---------+-------+---------+---------+-------
